 Dungeon Crawl Stone Soup version 0.29.1-1-gd02db6906a (webtiles) character file.

Game seed: 12670631027324079899

16422 xian the Skirmisher (level 12, -16/96 HPs)
             Began as a Demonspawn Berserker on Sept 16, 2022.
             Was a High Priest of Trog.
             Demolished by a skeletal warrior
             ... wielding the +10 falchion "Nicwaitzy" {vorpal, Dex+3}
              (31 damage)
             ... on level 11 of the Dungeon.
             The game lasted 00:35:16 (12209 turns).

xian the Skirmisher (Demonspawn Berserker)         Turns: 12209, Time: 00:35:17

Health: -16/96     AC: 14    Str: 27    XL:     12   Next: 9%
Magic:  12/12      EV: 15    Int:  9    God:    Trog [*****.]
Gold:   1084       SH:  0    Dex: 18    Spells: 11/11 levels left

rFire   + . .      SeeInvis .   m - +7 sling of Dithmenos's Hatred {venom, rF+ rN+++ Str+4}
rCold   . . .      Faith    .   (no shield)
rNeg    + + +      Spirit   .   R - +0 acid dragon scales
rPois   .          Reflect  .   (helmet restricted)
rElec   .          Harm     .   q - +0 cloak
rCorr   +          Rampage  .   (no gloves)
Will    .....                   (no boots)
Stlth   ++........              b - amulet of the acrobat
HPRegen 0.26/turn               S - +6 ring of dexterity
MPRegen 0.13/turn               A - +4 ring of protection

@: about to teleport
A: horns 2, slimy green scales 1, ignite blood 2
a: Renounce Religion, Berserk, Trog's Hand, Brothers in Arms


You were on level 11 of the Dungeon.
You worshipped Trog.
Trog was extremely pleased with you.
You visited 1 branch of the dungeon, and saw 11 of its levels.
You also visited: Ossuary.

You collected 1084 gold pieces.

Inventory:

Hand Weapons
 m - the +7 sling of Dithmenos's Hatred (weapon) {venom, rF+ rN+++ Str+4}
   (You found it on level 2 of the Dungeon)

   Any ammunition fired from it poisons the flesh of those it strikes.
   Str:       It affects your strength (+4).
   rF:        It protects you from fire.
   rN:        It renders you almost immune to negative energy.
 D - a +2 dagger of venom
Missiles
 l - 3 javelins
 M - 2 datura-tipped darts
 P - 6 curare-tipped darts
Armour
 a - a +0 plate armour
 j - a +2 leather armour of cold resistance
 q - a +0 cloak (worn)
 R - +0 acid dragon scales (worn)
Jewellery
 b - an amulet of the acrobat (around neck)
 r - a ring of poison resistance
 z - a ring of fire
 A - a +4 ring of protection (right hand)
 N - a ring of protection from cold
 S - a +6 ring of dexterity (left hand)
Wands
 B - a wand of flame (24)
Scrolls
 c - 3 scrolls of fear
 k - 5 scrolls of amnesia
 o - a scroll of brand weapon
 p - 3 scrolls of fog
 s - 2 scrolls of enchant weapon
 v - 3 scrolls of magic mapping
 y - a scroll of silence
 C - 5 scrolls of enchant armour
 F - a scroll of immolation
 H - a scroll of vulnerability
 I - 5 scrolls of poison
 L - 3 scrolls of teleportation
 T - 2 scrolls of identify
Potions
 d - 2 potions of degeneration {unknown}
 e - 3 potions of brilliance {unknown}
 f - 3 potions of attraction {unknown}
 g - 4 potions of curing
 h - a potion of heal wounds
 i - 3 potions of flight
 n - 3 potions of mutation
 t - 4 potions of lignification {unknown}
 w - a potion of resistance
 x - 3 potions of haste
 E - 4 potions of ambrosia {unknown}
 G - 4 potions of might
 J - a potion of invisibility {unknown}
 K - a potion of magic {unknown}
 Q - a potion of berserk rage
Miscellaneous
 O - a piece from Xom's chessboard (15/15)


   Skills:
 + Level 9.4 Fighting
 + Level 3.1 Short Blades
 + Level 3.9 Axes
 + Level 13.1 Ranged Weapons
 + Level 1.1 Throwing
 + Level 5.1 Armour
 + Level 6.6 Dodging
 + Level 3.1 Stealth


You had 11 spell levels left.
You didn't know any spells.
Your spell library contained the following spells:

 Spells                   Type           Power      Damage    Failure   Level
 Foxfire                  Conj/Fire      0%         2x1d4     43%         1
 Freeze                   Ice            0%         1d3       43%         1
 Shock                    Conj/Air       0%         1d3       43%         1
 Conjure Flame            Conj/Fire      0%         6-21      82%         3
 Frozen Ramparts          Ice            0%         1d1       82%         3
 Inner Flame              Hex/Fire       0%         N/A       82%         3
 Swiftness                Air            0%         N/A       82%         3
 Airstrike                Air            0%         2d(0-16)  99%         4
 Flame Wave               Conj/Fire      0%         2d4       99%         4
 Hailstorm                Conj/Ice       0%         3d3       99%         4
 Alistair's Intoxication  Tmut/Pois      0%         N/A       100%        5
 Borgnjor's Vile Clutch   Necr/Erth      0%         N/A       100%        5
 Eringya's Noxious Bog    Tmut/Pois      0%         N/A       100%        6


Dungeon Overview and Level Annotations

Branches:
Dungeon (11/15)            Temple (0/1) D:7            Lair (0/5) D:11
    Orc (0/2) D:11        Ossuary (visited)

Altars:
Hepliaklqana
Kikubaaqudgha
Qazlal
Sif Muna
Yredelemnul

Shops:
D:5 !   D:11 *


Innate Abilities, Weirdness & Mutations

You have a pair of horns on your head.
You are partially covered in slimy green scales. (AC +2)
Your demonic aura often causes spilled blood to erupt in flames.


Message History

Press: ? - help, Q - select action, (/) - cycle Shift-Dir - straight line, f/p - skeletal warrior
Aim: a skeletal warrior, wielding the +10 falchion "Nicwaitzy" {vorpal, Dex+3} (severely damaged, 74% to hit)
You shoot a sling bullet.
The sling bullet hits the skeletal warrior but does no damage.
The skeletal warrior is severely damaged.
Fire: m) +7 sling of Dithmenos's Hatred {venom, rF+ rN+++ Str+4}
Press: ? - help, Q - select action, (/) - cycle Shift-Dir - straight line, f/p - skeletal warrior
Aim: a skeletal warrior, wielding the +10 falchion "Nicwaitzy" {vorpal, Dex+3} (severely damaged, 74% to hit)
You shoot a sling bullet.
The sling bullet hits the skeletal warrior.
The skeletal warrior is almost destroyed.
Fire: m) +7 sling of Dithmenos's Hatred {venom, rF+ rN+++ Str+4}
Press: ? - help, Q - select action, (/) - cycle Shift-Dir - straight line, f/p - skeletal warrior
Aim: a skeletal warrior, wielding the +10 falchion "Nicwaitzy" {vorpal, Dex+3} (almost destroyed, 74% to hit)
You shoot a sling bullet.
The sling bullet barely misses the skeletal warrior.
The sling bullet hits the meliai.
The meliai is poisoned.
The meliai is moderately wounded.
Fire: m) +7 sling of Dithmenos's Hatred {venom, rF+ rN+++ Str+4}
Press: ? - help, Q - select action, (/) - cycle Shift-Dir - straight line, f/p - skeletal warrior
Aim: a skeletal warrior, wielding the +10 falchion "Nicwaitzy" {vorpal, Dex+3} (almost destroyed, 74% to hit)
You shoot a sling bullet.
The sling bullet closely misses the skeletal warrior.
The sling bullet closely misses the meliai.
Fire: m) +7 sling of Dithmenos's Hatred {venom, rF+ rN+++ Str+4}
Press: ? - help, Q - select action, (/) - cycle Shift-Dir - straight line, f/p - skeletal warrior
Aim: a skeletal warrior, wielding the +10 falchion "Nicwaitzy" {vorpal, Dex+3} (almost destroyed, 74% to hit)
You shoot a sling bullet.
The sling bullet hits the skeletal warrior but does no damage.
The skeletal warrior is almost destroyed.
As you read the scroll of teleportation, it crumbles to dust.
You feel strangely unstable.
Fire: m) +7 sling of Dithmenos's Hatred {venom, rF+ rN+++ Str+4}
Press: ? - help, Q - select action, (/) - cycle Shift-Dir - straight line, f/p - skeletal warrior
Aim: a skeletal warrior, wielding the +10 falchion "Nicwaitzy" {vorpal, Dex+3} (severely damaged, 74% to hit)
You shoot a sling bullet.
The sling bullet hits the skeletal warrior but does no damage.
The skeletal warrior is severely damaged.
The skeletal warrior hits you with the +10 falchion "Nicwaitzy" {vorpal, Dex+3}!!
You die...

....#...#...####.## #..#.
#..###....###..#HC### #..#.
...#....###(...#.#..### #....
......####))...#.##.#.### #....
......'..###...#.##.#.#.### #...8
......###..###...##.#.#.#.###....
......'####..###y#..........#....
....#.#..####..#z##)#.#.#.###..#.
......#.#..####.@##)#.#.###....#.
......#...#..####'#)#.###......#.
......#.#...#..###..###........#.
......#...#...#..'###..........##
..#...#.#...#..####....#.#......#
#.##..#.).#..###....#............
....).#.#.(###...................
......#).###...#....#..........#.
......'###..........##.........##


You could see a skeletal warrior, a manticore, a cyclops and a meliai shaped
shifter (very poisoned).

Vanquished Creatures
  An ice dragon (D:9)
  3 two-headed ogres
  An orc knight (D:11)
  A cyclops (D:11)
  Joseph (D:7)
  Maurice (D:9)
  Maggie (D:7)
  A gargoyle (D:11)
  An unseen horror (D:11)
  2 kobold demonologists (D:11)
  2 trolls (D:11)
  A hornet (D:9)
  A slime creature (D:11)
  Grinder (D:4)
  Sigmund (D:4)
  3 vampires (D:11)
  Eustachio (D:6)
  2 wyverns
  9 yaks
  A wraith (D:8)
  A steam dragon (D:7)
  3 wargs (D:11)
  Menkaure (D:4)
  10 vampire mosquitoes
  A two-headed ogre zombie (D:11)
  5 acid dragons
  A water moccasin (D:7)
  2 ice beasts
  5 orc warriors
  A black bear (D:5)
  2 sky beasts (D:8)
  5 centaurs
  3 phantoms
  2 elf zombies (Ossuary)
  3 kobold brigands
  A bullfrog (D:9)
  A necrophage (D:4)
  A gnoll sergeant (D:8)
  12 wights
  3 troll zombies (D:11)
  8 killer bees (D:10)
  2 electric eels (D:9)
  8 howler monkeys
  3 human zombies (Ossuary)
  2 hounds
  3 jellies
  10 orc priests
  A gnoll bouda (D:7)
  5 iguanas
  7 orc wizards
  An ogre zombie (D:11)
  2 hound zombies (Ossuary)
  4 mummies (Ossuary)
  Robin (D:3)
  8 gnolls
  7 adders
  A shadow imp (D:6)
  2 white imps (D:6)
  2 worms
  3 dart slugs
  37 orcs
  6 endoplasms
  2 giant cockroaches
  15 goblins
  5 hobgoblins
  2 jackals (D:2)
  11 kobolds
  A quokka (D:4)
  10 ball pythons
  8 bats
  4 frilled lizards
  A goblin skeleton (D:11)
  A goblin zombie (Ossuary)
  A hobgoblin skeleton (D:11)
  6 hobgoblin zombies
  A kobold zombie (Ossuary)
  10 orc zombies (D:11)
  5 rats
304 creatures vanquished.

Vanquished Creatures (collateral kills)
  2 shadows (D:11)
  3 ogre zombies (D:11)
  A goblin skeleton (D:11)
  3 goblin zombies (D:11)
  An orc skeleton (D:11)
  5 orc zombies (D:11)
15 creatures vanquished.

Vanquished Creatures (others)
  A plant (D:11)
1 creature vanquished.

Grand Total: 320 creatures vanquished

Notes
Turn   | Place    | Note
-------+----------+-------------------------------------------
     0 | D:1      | xian the Demonspawn Berserker began the quest for the Orb.
     0 | D:1      | Reached XP level 1. HP: 18/18 MP: 1/1
   220 | D:1      | Gained mutation: Your demonic aura sometimes causes spilled
                  | blood to erupt in flames. [demonic ancestry]
   220 | D:1      | Reached XP level 2. HP: 20/24 MP: 2/2
   363 | D:1      | Found a faded altar of an unknown god.
  1061 | D:1      | Reached ** piety under Trog
  1107 | D:2      | Gained mutation: You are partially covered in slimy green
                  | scales. (AC +2) [demonic ancestry]
  1107 | D:2      | Reached XP level 3. HP: 29/29 MP: 3/3
  1236 | D:2      | Found an ancient bone altar of Kikubaaqudgha.
  1571 | D:2      | Identified the +7 sling of Dithmenos's Hatred {venom, rF+
                  | rN+++ Str+4}
  1898 | D:3      | Gained mutation: You have a pair of small horns on your
                  | head. [demonic ancestry]
  1898 | D:3      | Reached XP level 4. HP: 35/35 MP: 4/4
  1924 | D:3      | Noticed Robin
  1928 | D:3      | Killed Robin
  2000 | D:3      | Reached *** piety under Trog
  2137 | D:3      | Reached skill level 1 in Ranged Weapons
  2182 | D:3      | Found a shimmering blue altar of Sif Muna.
  2612 | D:4      | Noticed a phantom
  2621 | D:4      | Killed a phantom
  2622 | D:4      | Reached skill level 2 in Ranged Weapons
  2622 | D:4      | Reached XP level 5. HP: 42/42 MP: 5/5
  2636 | D:4      | Noticed Grinder
  2647 | D:4      | Reached skill level 3 in Ranged Weapons
  2661 | D:4      | Killed Grinder
  2662 | D:4      | Reached skill level 4 in Ranged Weapons
  2662 | D:4      | Gained mutation: Your demonic aura often causes spilled
                  | blood to erupt in flames. [demonic ancestry]
  2662 | D:4      | Reached XP level 6. HP: 4/48 MP: 6/6
  3195 | D:4      | Noticed Sigmund
  3195 | D:4      | Noticed Menkaure
  3205 | D:4      | Killed Menkaure
  3205 | D:4      | Killed Sigmund
  3206 | D:4      | Reached skill level 5 in Ranged Weapons
  3206 | D:4      | Reached skill level 1 in Stealth
  3206 | D:4      | Reached XP level 7. HP: 23/55 MP: 7/7
  3569 | D:5      | Entered Level 5 of the Dungeon
  3730 | D:5      | Reached skill level 6 in Ranged Weapons
  3756 | D:5      | Reached XP level 8. HP: 61/61 MP: 8/8
  3826 | D:5      | Found Jodwire's Distillery.
  4341 | D:6      | Reached skill level 5 in Fighting
  4352 | D:6      | Reached **** piety under Trog
  4353 | D:6      | Reached skill level 7 in Ranged Weapons
  4559 | D:6      | Noticed Eustachio
  4569 | D:6      | Killed Eustachio
  4780 | D:6      | Reached skill level 8 in Ranged Weapons
  4897 | D:6      | Found a stormy altar of Qazlal.
  4996 | D:6      | Found a basalt altar of Yredelemnul.
  5029 | D:7      | Noticed Joseph
  5033 | D:7      | Killed Joseph
  5034 | D:7      | Reached XP level 9. HP: 55/69 MP: 9/9
  5154 | D:7      | Reached skill level 9 in Ranged Weapons
  5391 | D:7      | Found a sand-covered staircase.
  5400 | Ossuary  | Entered an ossuary
  6217 | D:7      | Found a staircase to the Ecumenical Temple.
  6217 | D:7      | Noticed Maggie
  6223 | D:7      | Killed Maggie
  6224 | D:7      | Reached skill level 1 in Short Blades
  6707 | D:8      | Gained mutation: You have a pair of horns on your head.
                  | [demonic ancestry]
  6707 | D:8      | Reached XP level 10. HP: 77/77 MP: 10/10
  6804 | D:8      | Found a hazy altar of Hepliaklqana.
  6895 | D:8      | Reached skill level 10 in Ranged Weapons
  7538 | D:9      | Reached skill level 5 in Dodging
  7586 | D:9      | Reached ***** piety under Trog
  7770 | D:9      | Noticed a two-headed ogre
  7775 | D:9      | Killed a two-headed ogre
  7776 | D:9      | Reached skill level 11 in Ranged Weapons
  8014 | D:9      | Noticed Maurice
  8061 | D:9      | Killed Maurice
  8407 | D:9      | Noticed an ice dragon
  8420 | D:9      | Killed an ice dragon
  8421 | D:9      | Reached XP level 11. HP: 52/86 MP: 11/11
  8694 | D:10     | Entered Level 10 of the Dungeon
  8707 | D:10     | Received a gift from Trog
  8708 | D:10     | Noticed a two-headed ogre
  8722 | D:10     | Killed a two-headed ogre
  9220 | D:10     | Reached skill level 12 in Ranged Weapons
 10199 | D:11     | Found a staircase to the Orcish Mines.
 10520 | D:11     | Found Toewica's Assorted Antiques.
 10971 | D:11     | Reached skill level 1 in Throwing
 11114 | D:11     | Found a staircase to the Lair.
 11479 | D:11     | HP: 2/133 [something (8)]
 11487 | D:11     | HP: 4/89 [something (7)]
 11981 | D:11     | Noticed a two-headed ogre
 11991 | D:11     | Killed a two-headed ogre
 11992 | D:11     | Reached skill level 13 in Ranged Weapons
 11992 | D:11     | Reached XP level 12. HP: 91/95 MP: 12/12
 12177 | D:11     | Identified the +10 falchion "Nicwaitzy" {vorpal, Dex+3}
 12186 | D:11     | Identified the +9 long sword "Baengeseigh" {pain, rPois
                  | Dex+2}
 12186 | D:11     | Identified the amulet "Uwki" {Faith Fragile rF+ Str+7
                  | Int+3}
 12187 | D:11     | Reached skill level 5 in Armour
 12209 | D:11     | Demolished by a skeletal warrior

Illustrated notes

Levels and vault maps discovered:
D:1:      co_arrival_random_square_maze, layout_basic, basic_ecumenical_altar
D:2:      layout_loops_ring, basic_altar, minmay_randomly_rotated_circles
D:3:      layout_loops_ring, lemuel_blue_sif_altar, uniq_robin
D:4:      layout_gridville, nicolae_kite_square_tiling_tiny,
          mrwooster_statue_mirror, uniq_menkaure, uniq_grinder, uniq_sigmund
D:5:      layout_basic, lemuel_doored_altar, serial_shops, shop, minmay_holes
D:6:      layout_rooms, marbit_many_paths, kennysheep_ying_yang, uniq_eustachio
D:7:      layout_basic, minmay_temple_entry_fiery,
          nicolae_ossuary_entry_monument, minmay_misc_feat_diagonals,
          uniq_joseph, uniq_maggie
D:8:      layout_basic, lemuel_crystal_altar
D:9:      dragon1_lemuel, layout_stronghold, dk_noncrumbling_4, st_stairs_5,
          david_defended_altar_orc, uniq_maurice
D:10:     layout_loops_ring, special_room [special_room_orc]
D:11:     minmay_the_grid_triangle_9x9_rhombus_thin
          [minmay_the_grid_triangle_9x9_skeleton,
          minmay_the_grid_triangle_9x9_prize_schism,
          minmay_the_grid_triangle_9x9_sparse_checkered,
          minmay_the_grid_triangle_9x9_cache], layout_cave_pools,
          erik_lair_orcish_takeover, zombieorc2_lemuel, serial_shops, shop

Skill      XL: |  1  2  3  4  5  6  7  8  9 10 11 12 |
---------------+-------------------------------------+-----
Dodging        | 2 3 4 5 6 |  6.6
Axes           | 3 |  3.9
Armour         | 2 3 4 5 |  5.1
Ranged Weapons | 2 4 5 6 8 9 11 13 | 13.1
Fighting       | 4 5 6 8 9 |  9.4
Stealth        | 1 2 3 |  3.1
Short Blades   | 1 2 3 |  3.1
Throwing       | 1 |  1.1

Action                   |  1- 3 |  4- 6 |  7- 9 | 10-12 || total
-------------------------+-------+-------+-------+-------++-------
Melee: Hand axe          |    93 |       |       |       ||    93
       Dagger            |       |     8 |    58 |    99 ||   165
       Headbutt          |       |     1 |    17 |    30 ||    48
       Punch             |       |       |     1 |       ||     1
       Sling             |       |       |       |     4 ||     4
 Fire: Sling             |    12 |    74 |   228 |   471 ||   785
Throw: Javelin           |       |       |     6 |     5 ||    11
Invok: Berserk           |       |       |     3 |     7 ||    10
       Trog's Hand       |       |       |     2 |     4 ||     6
       Brothers in Arms  |       |       |       |     1 ||     1
  Use: Scroll            |       |     7 |     9 |     8 ||    24
       Potion            |       |     1 |       |     2 ||     3
 Stab: Sleeping          |     1 |       |       |       ||     1
Armor: Animal skin       |    20 |       |       |       ||    20
       Leather armour    |    17 |    17 |   114 |    43 ||   191
       Acid dragon scale |       |       |       |   117 ||   117
Dodge: Dodged            |    84 |    25 |   204 |   350 ||   663
